 Dungeon Crawl Stone Soup version 0.31-a0-435-g2c6fae2916 (webtiles) character file.

Game seed: 11659761380168756771

22 Ethylacetat the Changeling (level 2, -1/27 HPs)
             Began as an Octopode Shapeshifter on Aug 1, 2023.
             Succumbed to a goblin's poison
             ... on level 1 of the Dungeon.
             The game lasted 00:01:07 (271 turns).

Ethylacetat the Changeling (Octopode Shapeshifter)   Turns: 271, Time: 00:01:08

Health: -1/27      AC: 21    Str: 14    XL:     2   Next: 91%
Magic:  2/2        EV:  2    Int: 10    God:
Gold:   32         SH:  0    Dex: 12    Spells: 1/1 levels left

rFire   . . .        c - +0 whip (elec)
rCold   . . .        (no shield)
rNeg    . . .        (helmet currently unavailable)
rPois   +            (no amulet)
rElec   .            (no ring)
rCorr   .            (no ring)
SInv    .            (no ring)
Will    .....        (no ring)
Stlth   +            (no ring)
HPRegen 0.24/turn    (no ring)
MPRegen 0.08/turn    (no ring)
                     (no ring)

%: no passive effects
@: mighty, lethally poisoned (-1 -> -5), tree-form (expiring), attractive
A: stationary, stasis, torment immunity, boosted hp, almost no armour,
(amphibious), 8 rings, (camouflage 1), (gelatinous body 1), (nimble swimmer 1),
(tentacles)
a: no special abilities


You were on level 1 of the Dungeon.
You were a tree.
You visited 1 branch of the dungeon, and saw 1 of its levels.

You collected 32 gold pieces.

Inventory:

Hand Weapons
 c - a +0 whip of electrocution (weapon)
Talismans
 b - a beast talisman
Scrolls
 f - a scroll of enchant weapon {unknown}
 h - a scroll of noise {unknown}
 i - a scroll of identify {unknown}
Potions
 e - a potion of attraction


   Skills:
 + Level 1.5 Fighting
 - Level 2.0 Dodging
 + Level 3.2 Unarmed Combat
 * Level 3.4 Shapeshifting


You had one spell level left.
You didn't know any spells.
Your spell library was empty.

Dungeon Overview and Level Annotations

Branches:
Dungeon (1/15)

Altars:


Innate Abilities, Weirdness & Mutations

You are a tree.
Your roots penetrate the ground, keeping you stationary.
You cannot be teleported.
You are immune to unholy pain and torment.
Your maximum health is greatly increased.
You cannot wear most types of armour.
((You are amphibious.))
You can wear up to eight rings at the same time.
((Your skin changes colour to match your surroundings (Stealth+).))
((Your rubbery body absorbs attacks. (AC +1, EV +1)))
((You are camouflaged when in or above water. (Stealth+)))
((You have tentacles for arms and can constrict up to eight enemies at once.))


Message History

You barely miss the goblin.
The goblin is heavily wounded.
Your transformation is almost over.
You feel sick.
The jackal bites you but does no damage.
The kobold hits you but does no damage.
The jackal bites you but does no damage.
The goblin completely misses you.
The jackal bites you but does no damage.
You barely miss the goblin.
The goblin is heavily wounded.
You feel sick.
The jackal bites you but does no damage.
The kobold hits you but does no damage. The goblin hits you but does no damage.
You are lethally poisoned!
The jackal bites you but does no damage. x2
Okay, then.
You closely miss the goblin.
The goblin is moderately wounded.
* * * LOW HITPOINT WARNING * * *
You feel very sick.
The jackal bites you but does no damage.
The kobold hits you but does no damage. The goblin hits you but does no damage.
The jackal bites you but does no damage. x2
It was a potion of attraction.
You feel attractive to monsters.
* * * LOW HITPOINT WARNING * * *
You feel sick. The jackal bites you.
* * * LOW HITPOINT WARNING * * *
The kobold hits you but does no damage. The goblin hits you but does no damage.
The jackal barely misses you.
The jackal bites you but does no damage.
It was a potion of magic.
Magic courses through your body.
* * * LOW HITPOINT WARNING * * *
You feel sick. The kobold hits you but does no damage.
The goblin hits you but does no damage.
The jackal bites you but does no damage. x2
It was a potion of might.
You feel very mighty all of a sudden.
You die...

#..............
.............[.
#.........##.##
##########.####
#.........##.# ....
#########.##.# ######
#.##.# #.. #.##.# ######
#.#####
######.##.###.....#
#.#....
#.......?..#h..>...
#.#.###
#.....†....♣h......
#.#.#..
#..........gK......
#...#..
#..................
#.#.#..
#..................
#.#.###
#..................
#.#....
#......?...........
#.#####
#.....!............
#......
>..............#.#######
#........


You could see 2 jackals, a goblin and a kobold.

Vanquished Creatures
  3 ball pythons (D:1)
  4 endoplasms (D:1)
  A goblin (D:1)
  A hobgoblin (D:1)
  A jackal (D:1)
  A quokka (D:1)
  A bat (D:1)
  2 frilled lizards (D:1)
  3 kobolds (D:1)
  5 rats (D:1)
22 creatures vanquished.

Notes
Turn   | Place    | Note
-------+----------+-------------------------------------------
     0 | D:1      | Ethylacetat the Octopode Shapeshifter began the quest for
                  | the Orb.
     0 | D:1      | Reached XP level 1. HP: 13/13 MP: 1/1
   106 | D:1      | Reached XP level 2. HP: 16/18 MP: 2/2
   270 | D:1      | HP: 1/27 [poisoned by a goblin]
   271 | D:1      | Succumbed to a goblin's poison

Illustrated notes

Levels and vault maps discovered:
D:1:      matt_arrival_refuge, layout_rooms, minmay_tromino_i2

Action                     || total
---------------------------++-------
  Melee: Unarmed           ||    15
         Constrict         ||     9
         Whip              ||    31
         Tentacles         ||     6
         Punch             ||     1
    Use: Potion            ||     4
   Stab: Sleeping          ||     3
 Armour: Skin              ||    65
  Dodge: Dodged            ||    25

Table legend: (Time is in decaauts)
 A = Elapsed time spent in this place.
 B = Non-inter-level travel time spent in this place.
 C = Inter-level travel time spent in this place.
 D = Time resting spent in this place.
 E = Time spent auto-exploring this place.
 F = Levels seen in this place.
 G = Mean time per level.
                   A        B        C        D        E       F      G
               +--------+--------+--------+--------+--------+-----+--------+
         Total |    272 |    272 |      0 |      0 |    152 |   1 |  272.0 |
       Dungeon |    272 |    272 |      0 |      0 |    152 |   1 |  272.0 |
               +--------+--------+--------+--------+--------+-----+--------+

Top non-repeatable levels by time:
     D:1: 272 daAuts
